 Dungeon Crawl Stone Soup version 0.21-a0-110-g8e1637b (webtiles) character file.

814612 Lianjan the Slayer (level 27, 0/234 (236) HPs)
             Began as a Formicid Fighter on July 7, 2017.
             Was a High Priest of Zin (penitent).
             Slain by an Executioner (3 damage)
             ... summoned by Gloorx Vloq
             ... in Pandemonium on July 8, 2017.
             The game lasted 06:24:18 (90064 turns).

Lianjan the Slayer (Formicid Fighter)              Turns: 90064, Time: 06:24:19

HP:   0/234 (236)   AC: 45    Str: 30    XL:     27
MP:   34/38         EV: 15    Int: 17    God:    Zin [*]
Gold: 5158          SH: 26    Dex: 12    Spells: 3/26 levels left

rFire    + + .     SeeInvis +   a - +9 lajatang (speed)
rCold    + + .     Gourm    .   u - +4 large shield {rC+ rF+}
rNeg     + + +     Faith    .   y - +12 gold dragon scales
rPois    +         Spirit   .   (helmet unavailable)
rElec    .         Reflect  .   c - +2 cloak {MR+}
rCorr    .         Harm     .   k - +3 pair of gauntlets of War {Slay+5}
MR       +++++     Clarity  +   x - +0 pair of boots of Protective Custody {rPois MR++}
Stlth    ..........             I - amulet of the Four Winds {rN+ MR+++ Clar}
HPRegen  0.49/turn              S - ring of Viynwat {+Fly rN+ MR+ Str+3}
MPRegen  0.26/turn              j - ring "Fovae" {rN+ Int+4}

@: lethally poisoned (0 -> -53)
A: permanent stasis, dig shafts and tunnels, four strong arms, antennae 3
}: 6/15 runes: barnacled, slimy, silver, golden, demonic, gossamer
a: Dig, Shaft Self, Donate Gold, Renounce Religion, Evoke Flight


You were in Pandemonium.
You worshipped Zin.
Zin was demanding penance.
You were near starving.

You visited 14 branches of the dungeon, and saw 62 of its levels.
You visited Pandemonium 2 times, and saw 22 of its levels.
You also visited: Trove.

You collected 12253 gold pieces.
You spent 4720 gold pieces at shops.
You donated 2375 gold pieces to Zin.

Inventory:

Hand Weapons
 a - a +9 lajatang of speed (weapon)
 b - the +8 arbalest of the Other Side {flame, +Fly}
   (You found it on level 12 of the Dungeon)

   It causes projectiles fired from it to burn those they strike, causing extra
   injury to most foes and up to half again as much damage against particularly
   susceptible opponents.
   It lets you fly.
Missiles
 H - 1546 bolts
 P - 11 throwing nets (quivered)
Armour
 c - a +2 cloak of magic resistance (worn)
 k - the +3 pair of gauntlets of War (worn) {Slay+5}
   (You found it on level 6 of the Dungeon)

   It affects your accuracy and damage with ranged weapons and melee attacks
   (+5).
 u - a +4 large shield of resistance (worn)
 x - the +0 pair of boots of Protective Custody (worn) {rPois MR++}
   (You found it on level 4 of the Lair of Beasts)

   It protects you from poison.
   It affects your resistance to hostile enchantments.
 y - +12 gold dragon scales (worn)
Jewellery
 j - the ring "Fovae" (right hand) {rN+ Int+4}
   (You found it in a treasure trove)

   [ring of positive energy]

   It affects your intelligence (+4).
   It protects you from negative energy.
 t - an uncursed ring of protection from fire
 I - the amulet of the Four Winds (around neck) {rN+ MR+++ Clar}
   (You bought it in a shop on level 8 of the Dungeon)

   [amulet of nothing]

   It protects you from negative energy.
   It affects your resistance to hostile enchantments.
   It protects you against confusion.
 S - the ring of Viynwat (left hand) {+Fly rN+ MR+ Str+3}
   (You found it on level 13 of the Dungeon)

   [ring of strength]

   It affects your strength (+3).
   It protects you from negative energy.
   It affects your resistance to hostile enchantments.
   It lets you fly.
Wands
 d - a wand of iceblast (11/15)
 e - a wand of acid (6/15)
 n - a wand of digging (9/24)
Scrolls
 f - 2 scrolls of silence
 i - 13 scrolls of identify
 l - a scroll of enchant weapon
 m - 8 scrolls of magic mapping
 p - 3 scrolls of amnesia
 s - 7 scrolls of fear
 A - 5 scrolls of fog
 C - 5 scrolls of remove curse
 E - 4 scrolls of recharging
 J - a scroll of enchant armour
 V - 6 scrolls of immolation
Potions
 h - 10 potions of might
 o - 7 potions of ambrosia
 r - a potion of mutation
 v - 8 potions of curing
 z - 7 potions of flight
 B - 6 potions of cancellation
 F - a potion of brilliance
 O - 4 potions of resistance
 R - 7 potions of agility
 W - 2 potions of invisibility
Miscellaneous
 q - 5 sacks of spiders
 D - a fan of gales
 G - a phial of floods
 N - a figurine of a ziggurat
 Y - a lightning rod (4/4)
 Z - a lamp of fire (inert)
Comestibles
 g - 22 meat rations
 w - 36 royal jellies
 K - 60 fruits


   Skills:
 + Level 23.5 Fighting
   Level 15.6(17.0) Polearms
 + Level 11.9(15.2) Staves
   Level 4.3 Slings
 + Level 20.0 Crossbows
 - Level 20.5 Armour
 + Level 17.1 Dodging
 - Level 16.0 Shields
 - Level 13.8 Hexes
 - Level 11.7 Charms
 + Level 7.1 Summonings
 - Level 14.7 Translocations
 - Level 22.5 Invocations
 - Level 11.5 Evocations


You had 3 spell levels left.
You knew the following spells:

 Your Spells              Type           Power        Failure   Level  Hunger
a - Passage of Golubria   Tloc           N/A          5%          4    #####..
b - Spectral Weapon       Hex/Chrm       #####...     3%          3    ####...
c - Summon Butterflies    Summ           ###.....     12%         1    ##.....
d - Swiftness             Chrm/Air       ###.....     30%         2    ###....
e - Airstrike             Air            #.........   100%        4    #####..
f - Apportation           Tloc           ######       1%          1    ##.....
g - Portal Projectile     Hex/Tloc       #####.       1%          3    ####...
h - Aura of Abjuration    Summ           ###.......   97%         5    ######.


Dungeon Overview and Level Annotations

Branches:
Dungeon (15/15)            Temple (1/1) D:7            Lair (6/6) D:11
 Shoals (4/4) Lair:4       Spider (4/4) Lair:4        Slime (5/5) Lair:5
    Orc (2/2) D:9             Elf (3/3) Orc:2        Vaults (5/5) D:14
  Crypt (3/3) Vaults:2       Tomb (3/3) Crypt:3      Depths (5/5) D:15
   Hell (1/1)                 Zot (5/5) Depths:5
    Dis: Hell:1         Geh: Hell:1         Coc: Hell:1         Tar: Hell:1

Altars:
Ashenzari
Dithmenos
Elyvilon
Gozag
Hepliaklqana
Kikubaaqudgha
Makhleb
Qazlal
Sif Muna
Trog
Vehumet
Wu Jian
Xom
Yredelemnul
Zin
The Shining One
Beogh
Jiyva

Shops:
D:4 *   D:8 **:![   D:11 :   D:12 !   Orc:1 }   Orc:2 [*:(:   Shoals:3 [}
Shoals:4 *?*[[   Vaults:1 ?}%:*

Portals:
Hell: Depths:1 Depths:2 Depths:3 Depths:4 Depths:5
Abyss: Depths:4
Pandemonium: Depths:3
Ziggurat: Depths:1

Annotations:
Pan Gloorx Vloq


Innate Abilities, Weirdness & Mutations

You cannot be hasted, slowed, berserked, paralysed or teleported.
You can dig through walls and to a lower floor.
Your four strong arms can wield two-handed weapons with a shield.
You have a pair of large antennae on your head. (SInv)


Message History

You block Gloorx Vloq's attack. The Executioner barely misses you.
The Executioner hits you but does no damage.
You block the Executioner's attack.
The Executioner hits you but does no damage.
The Executioner completely misses you. The Executioner misses you.
Gloorx Vloq gestures at you. The foul vapour engulfs you!
Your stasis prevents you from being slowed.
* * * LOW HITPOINT WARNING * * *
The Executioner hits you but does no damage. x2
The Executioner barely misses you.
You slice Gloorx Vloq!!
Gloorx Vloq is almost dead.
You are engulfed in dark miasma.
You are more poisoned.
You feel your flesh rotting away!
Your stasis prevents you from being slowed.
* * * LOW HITPOINT WARNING * * *
Zin protects you from harm! You block the Executioner's attack.
The Executioner hits you.
You die...

########################
.......................#
.#.#.#.#.#.#.#.#.#.#..&#
.......(.........((...(#
.#######'#########.#((.# #
.#*..s.......^§§##.(...# #
.#..####...####1§#(#...# #
.#.#*,,.......##@#§(...# #
.s{#,,*##.###..#1&§#...# #
.#.#,**....{*#.#s#§....##########
.#.#,#,,....,#.#§#.#...#.........
.#.#.#,,,...,#.#§#.....#.....####
.#...#,,*,#..#..§#.#...#.....#,,,
.'...#,,*,#..#..§#.....#.....#,,,
.#....,##.*#....§#.#...#†....#,,,
.#...#**...###...#...........#,,,


You could see Gloorx Vloq, 2 Executioners and a demonic crawler.

Vanquished Creatures
  4 pandemonium lords (Pan)
  the Royal Jelly (Slime:5)
  3 ancient liches
  An orb of fire (Zot:4)
  Khufu (Crypt:1)
  29 greater mummies
  A shard shrike (Zot:4)
  Margery (Crypt:2)
  A Killer Klown (Zot:3)
  Geryon (Hell)
  A caustic shrike (Depths:4)
  2 curse toes
  8 golden dragons
  7 profane servitors
  Arachne (Spider:3)
  3 bone dragons
  2 electric golems
  3 Brimstone Fiends (Pan)
  12 liches
  Jorgrun (Vaults:1)
  2 Tzitzimimeh (Pan)
  8 tentacled monstrosities
  2 deep elf blademasters
  An Ice Fiend (Pan)
  A kraken (Shoals:4)
  7 Orb Guardians (Zot:5)
  6 titans
  22 acid blobs
  2 quicksilver dragons
  6 sphinxes
  13 Executioners (Pan)
  19 ancient champions
  5 storm dragons
  5 death cobs
  Kirke (Lair:6)
  8 tengu reavers
  4 revenants
  5 shadow dragons
  4 draconian monks
  Donald (Crypt:1)
  2 daevas (Depths:3)
  9 fire giants
  20 azure jellies
  4 iron dragons
  A fire giant (shapeshifter) (Vaults:5)
  8 vault wardens
  4 deep elf sorcerers
  4 cacodemons (Pan)
  13 balrugs (Pan)
  2 draconian scorchers (Zot:4)
  10 draconian knights
  6 warmongers (Pan)
  6 corrupters (Pan)
  5 ghost moths
  2 orc warlords
  8 frost giants
  A draconian shifter (Zot:4)
  4 curse skulls
  2 angels
  18 ghouls
  3 draconian annihilators
  The ghost of Nausicaa the Brawler, an adept VSMo of Cheibriados (Slime:2)
  A spriggan defender (Depths:4)
  2 emperor scorpions
  2 deep elf elementalists (Elf:3)
  A war gargoyle (Vaults:5)
  11 stone giants
  6 blood saints (Pan)
  6 reapers
  5 very ugly things
  2 draconian stormcallers (Zot:3)
  11 ironheart preservers
  6 deep elf demonologists
  4 green draconians
  2 bennus (Tomb:3)
  6 black suns (Pan)
  18 vampire knights
  12 deep elf annihilators
  10 purple draconians
  5 black draconians
  A dire elephant (D:15)
  5 lorocyprocas (Pan)
  7 yellow draconians
  8 red draconians
  7 white draconians
  5 spark wasps
  6 eidola
  12 blizzard demons (Pan)
  4 merfolk impalers
  6 ettins
  4 merfolk javelineers
  Snorg (D:9)
  12 yaktaur captains
  5 deep elf high priests
  5 deep elf death magi
  A fire dragon (shapeshifter) (Depths:5)
  3 green deaths (Pan)
  8 jiangshi
  31 mummy priests
  13 fire dragons
  5 death oozes (Slime:5)
  6 ogre magi
  Erolcha (D:9)
  2 juggernaut simulacra (Pan)
  12 great orbs of eyes
  4 rakshasas
  3 ice dragons
  2 spriggan air magi (Depths:5)
  7 hydras
  4 monstrous demonspawn (Pan)
  2 quicksilver dragon skeletons
  A hell beast (Depths:1)
  3 merfolk aquamancers
  9 vault guards
  5 death knights
  A satyr (Shoals:3)
  6 centaur warriors
  3 deep troll shamans
  18 two-headed ogres
  14 dancing weapons
  An anaconda (shapeshifter) (Vaults:5)
  6 deep troll earth magi
  2 hell hogs (Pan)
  5 vampire magi
  27 death scarabs
  Urug (Orc:1)
  5 tengu warriors
  2 orc high priests
  15 deep elf knights
  The ghost of frogmouthbird the Quickloader, a novice MiHu of Okawaru (D:8)
  Nergalle (Lair:1)
  15 soul eaters
  A spriggan (Lair:4)
  28 sun demons (Pan)
  7 shadow wraiths
  A fire crab (Lair:6)
  47 skeletal warriors
  13 sixfirhies (Pan)
  5 hell knights
  16 deep trolls
  8 flayed ghosts
  An iron giant zombie (Crypt:3)
  4 glowing orange brains
  4 gelid demonspawn (Pan)
  7 shadow demons (Pan)
  2 cherubim (Depths:3)
  5 sea snakes
  An unseen horror (D:11)
  A swamp dragon (Lair:6)
  7 infernal demonspawn (Pan)
  A swamp dragon (shapeshifter) (Vaults:5)
  11 torturous demonspawn (Pan)
  14 orc knights
  6 deep elf archers
  6 necromancers
  A kraken simulacrum (Shoals:4)
  12 harpies
  16 phantasmal warriors
  A wizard (Vaults:2)
  9 ironbrand convokers
  7 fauns
  An anaconda skeleton (Tomb:1)
  9 orb spiders
  44 deep elf magi
  23 wolf spiders
  3 human zombies
  10 cyclopes
  2 stone giant zombies
  7 manticores
  8 shining eyes
  A shining eye (shapeshifter) (Zot:2)
  5 orc sorcerers
  4 elephants
  An oklob plant (Shoals:3)
  A fire giant zombie (Crypt:3)
  A frost giant zombie (Crypt:3)
  12 moths of wrath
  A manticore (shapeshifter) (Zot:2)
  2 fire giant skeletons
  21 ugly things
  3 merfolk sirens
  2 water nymphs
  A black mamba (Lair:4)
  3 rust devils
  A moth of wrath (shapeshifter) (Vaults:1)
  An eye of devastation (shapeshifter) (Depths:5)
  12 vault sentinels
  A naga mage (D:15)
  6 eyes of devastation
  18 smoke demons (Pan)
  5 ice statues (Pan)
  A centaur skeleton (D:13)
  8 torpor snails
  4 gargoyles
  A spiny frog (shapeshifter) (Depths:2)
  3 hellions (Pan)
  A grey draconian zombie (Crypt:2)
  3 rime drakes
  2 spiny frogs (Lair:1)
  7 orange demons (Pan)
  34 demonic crawlers
  A swamp worm zombie (Crypt:1)
  An efreet (Pan)
  9 red devils (Pan)
  A golden dragon simulacrum (Crypt:3)
  35 yaktaurs
  14 freezing wraiths
  5 komodo dragons
  A catoblepas skeleton (Crypt:2)
  5 merfolk
  8 ice devils
  3 hellwings (Pan)
  A merfolk (shapeshifter) (Elf:3)
  A queen bee (Lair:2)
  A death yak skeleton (Crypt:1)
  4 wind drakes
  48 guardian mummies
  3 tyrant leeches (Lair:6)
  2 yaktaur skeletons
  2 tengu conjurers
  5 trolls
  9 jumping spiders
  3 polar bears (Lair:6)
  2 polar bears (shapeshifter)
  14 hornets
  2 blink frogs (Lair:4)
  A harpy skeleton (Crypt:3)
  A hornet (shapeshifter) (Depths:1)
  5 bog bodies
  115 slime creatures
  2 snapping turtles
  8 hippogriffs
  2 ettin zombies
  A hydra skeleton (Crypt:1)
  A fire giant simulacrum (Vaults:2)
  32 flying skulls
  2 air elementals (Elf:2)
  2 alligator skeletons (Crypt:3)
  A shadow (Crypt:1)
  A guardian serpent skeleton (Crypt:1)
  2 spriggans (shapeshifter)
  2 fire dragon skeletons
  An ice dragon skeleton (Tomb:1)
  19 tarantellas
  14 ynoxinuls (Pan)
  45 redbacks
  A wyvern (D:13)
  An ettin skeleton (Crypt:3)
  4 vampires
  5 fire elementals
  10 water elementals
  3 wraiths
  21 yaks
  20 ushabtiu
  5 golden eyes (Slime:4)
  2 basilisks
  2 fire bats (Pan)
  A golden eye (shapeshifter) (Elf:2)
  16 chaos spawn (Pan)
  4 hungry ghosts
  5 vampire mosquitoes
  5 neqoxecs (Pan)
  A yaktaur simulacrum (Vaults:2)
  An emperor scorpion simulacrum (Tomb:3)
  23 large abominations (Pan)
  5 swamp worms
  A soldier ant (D:12)
  A torturous demonspawn zombie (Crypt:3)
  3 hydra simulacra
  4 acid dragons
  A merfolk zombie (Crypt:1)
  3 wargs
  A two-headed ogre zombie (Crypt:3)
  12 water moccasins
  A spiny frog zombie (Lair:1)
  7 porcupines
  5 sky beasts
  A two-headed ogre skeleton (Crypt:1)
  38 orc warriors
  4 necrophages
  5 phantoms
  3 ice beasts
  5 eyes of draining
  An elf zombie (Vaults:4)
  19 ogres
  2 snapping turtle skeletons (Crypt:3)
  13 wolves
  3 boggarts (Depths:2)
  12 centaurs
  12 crocodiles
  2 elf skeletons
  A big kobold (D:12)
  10 bullfrogs
  A rime drake skeleton (Crypt:2)
  2 earth elementals
  A wyvern zombie (D:11)
  A water moccasin zombie (D:5)
  4 scorpions
  A scorpion (shapeshifter) (Depths:5)
  18 killer bees (Lair:2)
  2 jellies
  4 wights (Crypt:2)
  4 electric eels
  4 howler monkeys
  4 crimson imps
  3 bullfrog zombies
  A black bear zombie (Crypt:3)
  18 orc priests
  6 hounds
  A gnoll shaman (Orc:2)
  21 orc wizards
  3 bullfrog skeletons
  3 iguanas
  Ijyb (D:3)
  A demonspawn skeleton (Crypt:3)
  10 worker ants
  A crocodile zombie (Crypt:2)
  A hound zombie (D:10)
  A felid skeleton (Crypt:2)
  40 mummies
  A howler monkey zombie (D:8)
  14 adders
  2 gnolls (Orc:2)
  A howler monkey skeleton (D:6)
  4 shadow imps
  3 oozes
  A halfling skeleton (Crypt:1)
  An iguana skeleton (Crypt:1)
  10 worms
  3 dart slugs
  9 leopard geckos
  102 orcs
  10 bats
  A bat skeleton (Crypt:1)
  6 giant cockroaches
  10 goblins
  9 hobgoblins
  17 jackals
  5 quokkas
  A dart slug zombie (Crypt:2)
  6 frilled lizards
  A hobgoblin skeleton (Crypt:3)
  A jackal zombie (D:6)
  10 kobolds
  A kobold skeleton (Crypt:2)
  3 leopard gecko skeletons
  A leopard gecko zombie (D:5)
  3 orc zombies (Orc:2)
  2 quokka skeletons
  8 rats
  A crawling corpse (Elf:3)
  2 pillars of salt
  5 plants
  5 tentacles (Shoals:4)
2454 creatures vanquished.

Vanquished Creatures (collateral kills)
  Mennas (Depths:3)
  A juggernaut (Depths:5)
  The ghost of kmckee24 the Axe Maniac, a veteran MiMo of the Shining One (Depths:3)
  Sojobo (Vaults:4)
  A greater mummy (Tomb:1)
  Frederick (Vaults:4)
  Saint Roka (Depths:2)
  Nikola (Depths:2)
  5 golden dragons
  2 liches
  6 tentacled monstrosities
  A titan (Depths:4)
  2 quicksilver dragons (Vaults:5)
  The ghost of dragoon the Ogre Mage, an adept OgFE of Sif Muna (Shoals:3)
  A deep elf master archer (Elf:3)
  2 sphinxes
  Agnes (D:14)
  3 shadow dragons
  4 death cobs
  A kraken (Shoals:3)
  3 tengu reavers
  3 draconian monks
  A daeva (Depths:3)
  6 storm dragons
  Ilsuiw (Shoals:4)
  3 orc warlords
  A draconian knight (Zot:1)
  7 frost giants
  6 fire giants
  2 vault wardens
  Aizul (Vaults:4)
  2 ghost moths
  An emperor scorpion (Spider:4)
  2 draconian scorchers
  An iron dragon (Zot:2)
  A deep elf sorcerer (Elf:3)
  2 angels (Depths:3)
  2 draconian annihilators (Zot:2)
  7 stone giants
  A spriggan defender (Depths:5)
  The ghost of Typerbomb the Cleaver, a journeyman MiBe of Trog (D:14)
  5 ironheart preservers
  A war gargoyle (Vaults:5)
  2 entropy weavers
  A vampire knight (Depths:5)
  2 green draconians
  7 very ugly things (Vaults:5)
  8 deep elf annihilators
  A black draconian (Zot:1)
  A deep elf demonologist (Elf:3)
  5 purple draconians
  5 yellow draconians
  6 white draconians
  4 spark wasps
  2 red draconians
  3 merfolk javelineers
  4 deep elf death magi
  8 ettins
  4 merfolk impalers
  7 fire dragons
  11 yaktaur captains
  3 deep elf high priests
  6 ogre magi
  27 vault guards
  8 great orbs of eyes
  9 ice dragons
  2 rakshasas
  A hydra (Lair:3)
  An alligator snapping turtle (Shoals:4)
  A catoblepas (D:13)
  2 merfolk aquamancers
  5 centaur warriors
  4 merfolk avatars
  3 satyrs
  A death knight (Vaults:5)
  10 two-headed ogres
  5 tengu warriors
  9 dancing weapons
  4 deep troll shamans
  An orc high priest (Orc:1)
  5 hell hogs (Hell)
  A spriggan berserker (Depths:4)
  A sun demon (Depths:1)
  5 deep elf knights
  7 hell knights
  6 skeletal warriors
  4 cherubim (Depths:3)
  7 deep trolls
  10 sea snakes
  An unseen horror (shapeshifter) (Depths:3)
  A glowing orange brain (Vaults:5)
  A lindwurm (Lair:6)
  8 orc knights
  7 ironbrand convokers
  A phantasmal warrior (Vaults:5)
  14 deep elf archers
  11 harpies
  9 orc sorcerers
  3 necromancers
  A harpy (shapeshifter) (Depths:4)
  19 fauns
  18 wolf spiders
  A human zombie (Vaults:2)
  26 ugly things
  39 deep elf magi
  14 orb spiders
  10 slime creatures
  10 moths of wrath
  9 manticores
  5 merfolk sirens
  5 cyclopes
  A rust devil (Depths:1)
  6 vault sentinels
  6 elephants
  8 water nymphs
  3 torpor snails
  A storm dragon simulacrum (Depths:1)
  A centaur skeleton (D:14)
  5 spectral swamp worms (Depths:4)
  A spiny frog (Lair:1)
  3 rime drakes
  8 demonic crawlers
  2 gargoyles
  2 freezing wraiths (Vaults:5)
  2 ice devils (Hell)
  2 komodo dragons
  9 yaktaurs
  A red devil (Depths:1)
  25 merfolk
  3 tengu conjurers
  28 jumping spiders
  2 wind drakes (Shoals:4)
  4 trolls
  A hornet (shapeshifter) (Depths:1)
  A tyrant leech (Lair:6)
  6 hornets
  A polar bear (shapeshifter) (Depths:4)
  3 blink frogs (Lair:4)
  2 dream sheep (Shoals:4)
  A raiju (shapeshifter) (Vaults:5)
  6 snapping turtles
  A stone giant simulacrum (Vaults:4)
  3 hippogriffs
  2 flying skulls (Tomb:3)
  A spriggan (shapeshifter) (Depths:1)
  44 redbacks
  A wraith (Vaults:1)
  15 tarantellas
  15 water elementals
  A wyvern (D:13)
  5 yaks
  A fire elemental (Elf:2)
  A hog (shapeshifter) (Vaults:4)
  A steam dragon (Lair:6)
  A yak (shapeshifter) (Vaults:5)
  2 vampire mosquitoes (D:14)
  3 wargs
  An acid dragon (D:14)
  2 water moccasins (Lair:4)
  25 orc warriors
  A porcupine (Lair:5)
  An ice beast (D:10)
  A sky beast (D:14)
  An ice beast (shapeshifter) (Depths:1)
  18 wolves
  22 ogres
  10 centaurs
  3 crocodiles (Lair:6)
  3 bullfrogs
  A big kobold (D:12)
  3 earth elementals
  A killer bee (Lair:2)
  An electric eel (D:11)
  4 centaur zombies
  A crimson imp (D:15)
  2 bullfrog zombies
  A bullfrog skeleton (D:12)
  4 jellies
  4 orc priests
  6 orc wizards
  4 iguanas
  2 worker ants (D:14)
  A gnoll (Orc:2)
  An adder (D:10)
  A shadow imp (D:10)
  2 white imps
  6 worms
  25 orcs
  6 kobolds
  A bush (Lair:2)
  A butterfly (Lair:1)
  A fire vortex (Depths:1)
  18 fungi
  A pillar of salt (Tomb:3)
  112 plants
  A tentacle (Shoals:4)
1079 creatures vanquished.

Vanquished Creatures (others)
  4 profane servitors
  A bone dragon (Depths:1)
  A shard shrike skeleton (Zot:4)
  A vault warden (Vaults:4)
  16 ghouls
  10 vampire knights
  A stone giant (Vaults:2)
  A spectral titan (Depths:3)
  2 yaktaur captains (Depths:5)
  A fire dragon (Depths:2)
  A vault guard (Vaults:5)
  A centaur warrior (Depths:1)
  21 death scarabs (Tomb:2)
  A satyr (Shoals:4)
  2 hell hogs
  A soul eater (Pan)
  A deep elf knight (Elf:3)
  11 skeletal warriors
  A deep troll (Depths:2)
  7 flayed ghosts
  An unseen horror (D:11)
  A deep elf archer (Elf:3)
  A harpy (Shoals:1)
  18 phantasmal warriors
  A faun (Shoals:3)
  2 draconian zombies (Zot:2)
  A manticore (Shoals:1)
  A smoke demon (Pan)
  A red draconian zombie (Zot:2)
  A white draconian zombie (Zot:2)
  5 yaktaurs
  2 swamp worm zombies (Lair:2)
  A ghoul skeleton (Zot:4)
  2 human zombies (Vaults:5)
  A hydra zombie (Lair:4)
  12 flying skulls
  2 wraiths
  A black mamba zombie (Lair:4)
  A shadow (Crypt:2)
  6 vampires
  4 humans (Lair:6)
  A tyrant leech zombie (Lair:6)
  An ogre skeleton (Vaults:1)
  An orc warrior (Vaults:4)
  A manticore zombie (Shoals:1)
  3 hornet zombies (Lair:6)
  A swamp dragon zombie (Lair:6)
  A snapping turtle zombie (Tomb:2)
  6 centaurs
  2 crocodiles (Lair:6)
  2 rime drake zombies (Lair:6)
  A hippogriff zombie (Lair:6)
  3 water moccasin zombies
  A troll zombie (Orc:1)
  10 yak zombies
  2 wights
  10 wolf zombies
  2 bullfrog zombies
  2 centaur zombies
  A wolf skeleton (Lair:4)
  3 porcupine zombies (Lair:1)
  2 crocodile zombies (Lair:6)
  An ogre zombie (D:10)
  An acid dragon zombie (Lair:6)
  5 mummies
  A howler monkey zombie (D:12)
  An orc skeleton (Orc:1)
  2 scorpion zombies
  9 worm zombies (Lair:2)
  An electric eel zombie (Lair:1)
  2 iguana zombies
  A ball lightning (Zot:3)
  A jackal zombie (D:8)
  A kobold (D:12)
  15 orc zombies
  21 fungi
  58 pillars of salt
  35 plants
  6 spectral weapons (Pan)
  9 tentacles
376 creatures vanquished.

Grand Total: 3909 creatures vanquished

Notes
Turn   | Place    | Note
-------+----------+-------------------------------------------
     0 | D:1      | Lianjan the Formicid Fighter began the quest for the Orb.
     0 | D:1      | Reached XP level 1. HP: 18/18 MP: 1/1
   193 | D:1      | Reached XP level 2. HP: 24/24 MP: 2/2
   342 | D:1      | Reached XP level 3. HP: 27/29 MP: 3/3
   746 | D:2      | Reached XP level 4. HP: 29/35 MP: 4/4
  1804 | D:3      | Noticed Ijyb
  1823 | D:3      | Killed Ijyb
  1823 | D:3      | Reached XP level 5. HP: 40/41 MP: 5/5
  1891 | D:3      | Reached skill level 5 in Shields
  2015 | D:3      | Noticed an ogre
  2021 | D:3      | Killed an ogre
  2021 | D:3      | Reached skill level 5 in Polearms
  2021 | D:3      | Reached XP level 6. HP: 47/47 MP: 6/6
  2027 | D:3      | Reached XP level 7. HP: 52/52 MP: 7/7
  2121 | D:3      | Found a basalt altar of Yredelemnul.
  2129 | D:3      | Became a worshipper of Yredelemnul the Dark
  2233 | D:3      | Found a hazy altar of Hepliaklqana.
  2663 | D:4      | Found a deep blue altar of Sif Muna.
  2676 | D:4      | Found Taez's General Store.
  2736 | D:4      | Reached skill level 1 in Invocations
  2793 | D:4      | Got a translucent ring mail
  2803 | D:4      | Reached XP level 8. HP: 53/58 MP: 8/8
  2814 | D:4      | Identified the +2 ring mail of the Untouchables {rElec Dex+4} (You found it on level 4 of the Dungeon)
  2905 | D:4      | Reached * piety under Yredelemnul
  3217 | D:5      | Entered Level 5 of the Dungeon
  3378 | D:5      | Found a glowing golden altar of the Shining One.
  4236 | D:6      | Reached skill level 4 in Fighting
  4236 | D:6      | Reached XP level 9. HP: 63/65 MP: 10/10
  4465 | D:6      | Found a radiant altar of Vehumet.
  4476 | D:6      | Found a shattered altar of Ashenzari.
  4795 | D:6      | Reached ** piety under Yredelemnul
  5434 | D:7      | Found a staircase to the Ecumenical Temple.
  5457 | Temple   | Entered the Ecumenical Temple
  5667 | D:7      | Found a stormy altar of Qazlal.
  5684 | D:8      | Found Coqasoimo's General Store.
  5684 | D:8      | Noticed a hippogriff
  5690 | D:8      | Noticed frogmouthbird's ghost (novice MiHu)
  5711 | D:7      | Killed a hippogriff
  5936 | D:8      | Killed frogmouthbird's ghost
  5936 | D:8      | Reached skill level 5 in Fighting
  5936 | D:8      | Reached XP level 10. HP: 21/74 MP: 7/13
  6500 | D:8      | Found a roughly hewn altar of Beogh.
  6631 | D:8      | Reached *** piety under Yredelemnul
  6833 | D:8      | Found Wejianga's General Store.
  6839 | D:8      | Found Puwkat's Book Shoppe.
  6857 | D:8      | Bought a potion of heal wounds for 75 gold pieces
  6857 | D:8      | Bought a potion of heal wounds for 75 gold pieces
  6912 | D:8      | Found Setryshru's Antique Armour Boutique.
  6920 | D:8      | Bought an ancient shield for 247 gold pieces
  6930 | D:8      | Identified the cursed +0 shield "Nokhosaol" {rF- Str+5 Dex-3 Stlth+} (You bought it in a shop on level 8 of the Dungeon)
  6933 | D:8      | Found Nucvoeju's Distillery.
  7205 | D:9      | Found a staircase to the Orcish Mines.
  7222 | D:9      | Found a roughly hewn altar of Beogh.
  7712 | D:9      | Reached **** piety under Yredelemnul
  7712 | D:9      | Reached skill level 1 in Slings
  7712 | D:9      | Reached skill level 5 in Invocations
  7887 | D:9      | Noticed Erolcha
  7920 | D:9      | Killed Erolcha
  7920 | D:9      | Reached skill level 6 in Fighting
  8045 | D:10     | Entered Level 10 of the Dungeon
  8069 | D:10     | Received a gift from Yredelemnul (2 flying skulls)
  8117 | D:10     | Noticed a gargoyle
  8142 | D:10     | Killed a gargoyle
  8142 | D:10     | Reached XP level 11. HP: 81/81 MP: 13/15
  8171 | D:10     | Found a basalt altar of Yredelemnul.
  8363 | D:10     | Got a pair of steaming boots
  8369 | D:10     | Identified the +0 pair of boots of Shadows and Fog {rPois} (You found it on level 10 of the Dungeon)
  8491 | D:10     | Noticed a two-headed ogre
  8507 | D:10     | Killed a two-headed ogre
  8925 | D:11     | Noticed a two-headed ogre
  8954 | D:11     | Killed a two-headed ogre
  8991 | D:11     | Noticed an unseen horror
  8996 | D:11     | Killed an unseen horror
  9063 | D:11     | Received a gift from Yredelemnul (a wight)
  9068 | D:11     | Found a staircase to the Lair.
  9124 | D:11     | Reached skill level 5 in Armour
  9209 | D:11     | Found a white marble altar of Elyvilon.
  9276 | D:11     | Found a frozen archway.
  9293 | D:11     | Reached skill level 7 in Fighting
  9334 | D:11     | Noticed an unseen horror
  9370 | D:11     | Killed an unseen horror
  9405 | D:11     | Received a gift from Yredelemnul (a mummy)
  9426 | D:11     | Found Opleicw's Book Boutique.
  9993 | D:12     | Noticed a manticore
 10008 | D:12     | Killed a manticore
 10031 | D:12     | Found a stormy altar of Qazlal.
 10165 | D:12     | Got a smoking arbalest
 10175 | D:12     | Identified the +8 arbalest of the Other Side {flame, +Fly} (You found it on level 12 of the Dungeon)
 10269 | Lair:1   | Entered Level 1 of the Lair of Beasts
 10364 | Lair:1   | Reached XP level 12. HP: 91/91 MP: 17/17
 10397 | Lair:1   | Noticed Nergalle
 10435 | Lair:1   | Reached skill level 1 in Crossbows
 10536 | Lair:1   | Killed Nergalle
 10536 | Lair:1   | Reached skill level 1 in Evocations
 11077 | Lair:1   | Noticed a six-headed hydra
 11083 | Lair:1   | Noticed a four-headed hydra
 11084 | Lair:1   | Killed a six-headed hydra
 11092 | Lair:1   | Killed a four-headed hydra
 11092 | Lair:1   | Reached skill level 8 in Fighting
 12033 | Lair:2   | Received a gift from Yredelemnul (a wraith)
 12978 | Lair:2   | Reached ***** piety under Yredelemnul
 13383 | Lair:3   | Received a gift from Yredelemnul (a wight)
 13512 | Lair:3   | Noticed an eight-headed hydra
 13540 | Lair:3   | Killed an eight-headed hydra
 13772 | Lair:3   | Noticed a six-headed hydra
 13812 | Lair:3   | Reached XP level 13. HP: 100/100 MP: 19/19
 13978 | Lair:3   | Found a runed door.
 13981 | Lair:3   | Noticed a four-headed hydra
 13999 | Lair:3   | Killed a four-headed hydra
 13999 | Lair:3   | Reached skill level 9 in Fighting
 14014 | Lair:3   | Reached skill level 5 in Crossbows
 14075 | Lair:3   | Killed a six-headed hydra
 15158 | Lair:4   | Noticed an eight-headed hydra
 15165 | Lair:4   | Killed an eight-headed hydra
 15165 | Lair:4   | Reached skill level 5 in Evocations
 15179 | Lair:4   | Received a gift from Yredelemnul (a vampire)
 16151 | Lair:4   | Found a hole to the Spider Nest.
 16227 | Lair:4   | Found a staircase to the Shoals.
 16274 | Lair:4   | Got a pair of transparent boots
 16285 | Lair:4   | Identified the cursed +0 pair of boots of Protective Custody {rPois MR++} (You found it on level 4 of the Lair of Beasts)
 16321 | Shoals:1 | Entered Level 1 of the Shoals
 16362 | Shoals:1 | Noticed a stone giant
 16617 | Lair:5   | Received a gift from Yredelemnul (a flying skull)
 16887 | Lair:5   | Found a runed door.
 16887 | Lair:5   | Found a viscous altar of Jiyva.
 16888 | Lair:5   | Found a staircase to the Slime Pits.
 16898 | Lair:5   | Received a gift from Yredelemnul (a vampire)
 16976 | Lair:5   | Reached skill level 10 in Invocations
 17163 | Lair:6   | Entered Level 6 of the Lair of Beasts
 17255 | Lair:6   | Received a gift from Yredelemnul (2 flying skulls)
 17275 | Lair:6   | Reached XP level 14. HP: 109/109 MP: 21/21
 17279 | Lair:6   | Noticed Kirke
 17307 | Lair:6   | Noticed a sphinx
 17311 | Lair:6   | Killed Kirke
 17473 | Lair:6   | Reached skill level 10 in Fighting
 17893 | Lair:6   | Identified a scroll of acquirement
 17894 | Lair:6   | Got a dazzling glaive
 17901 | Lair:6   | Identified the +0 glaive of Corruption {protect, rC- Str+3 SInv} (You acquired it on level 6 of the Lair of Beasts)
 18056 | Lair:6   | Found a runed door.
 18108 | Lair:6   | Your ally Kirke died
 18307 | Lair:6   | Received a gift from Yredelemnul (a wraith)
 18464 | Lair:6   | Received a gift from Yredelemnul (a vampire)
 19193 | Orc:1    | Entered Level 1 of the Orcish Mines
 19205 | Orc:1    | Noticed Snorg
 19489 | Orc:1    | Noticed Urug
 19520 | D:9      | Killed Snorg
 19893 | Orc:1    | Killed Urug
 19893 | Orc:1    | Received a gift from Yredelemnul (a skeletal warrior)
 20143 | Orc:2    | Entered Level 2 of the Orcish Mines
 20143 | Orc:2    | Found Olihebue's Antique Armour Boutique.
 20276 | Orc:1    | Your ally Urug died
 20746 | Orc:2    | Noticed an orc warlord
 20946 | Orc:1    | Received a gift from Yredelemnul (a phantasmal warrior)
 20952 | Orc:1    | Killed an orc warlord
 21144 | Orc:2    | Found Cianah's General Store.
 21147 | Orc:2    | Found Ygoa's Book Shop.
 21360 | Orc:2    | Found Vovveim's Antique Weapon Shop.
 21371 | Orc:1    | Noticed an orc warlord
 21395 | Orc:1    | Reached XP level 15. HP: 43/117 MP: 23/23
 21695 | Orc:1    | Killed an orc warlord
 21695 | Orc:1    | Reached skill level 10 in Armour
 21695 | Orc:1    | Received a gift from Yredelemnul (a flayed ghost)
 21850 | Orc:1    | Found Voimitt's Gadget Boutique.
 21955 | Orc:1    | Received a gift from Yredelemnul (a vampire knight)
 21975 | Orc:1    | Found a bloodstained altar of Trog.
 22114 | Orc:2    | Bought a smoking shield for 323 gold pieces
 22124 | Orc:2    | Identified the +1 shield of Midnight {+Inv rPois rCorr Str+3} (You bought it in a shop on level 2 of the Orcish Mines)
 22151 | Orc:2    | Noticed an orc warlord
 22159 | Orc:2    | Killed an orc warlord
 22159 | Orc:2    | Reached skill level 15 in Polearms
 22250 | Orc:2    | Found a staircase to the Elven Halls.
 22370 | Orc:2    | Noticed an orc warlord
 22378 | Orc:2    | Noticed an orc warlord
 22385 | Orc:2    | Reached skill level 11 in Fighting
 22385 | Orc:2    | Killed an orc warlord
 22386 | Orc:2    | Received a gift from Yredelemnul (a vampire)
 22386 | Orc:2    | Received a gift from Yredelemnul (a phantasmal warrior)
 22391 | Orc:2    | Killed an orc warlord
 22845 | Orc:2    | Found Elyuggeh's Book Emporium.
 22851 | Orc:2    | Received a gift from Yredelemnul (a skeletal warrior)
 23287 | D:11     | Reached ****** piety under Yredelemnul
 23298 | D:12     | Received a gift from Yredelemnul (a profane servitor)
 23409 | D:12     | Found Ifoasyan's Distillery.
 23779 | D:13     | Got a shimmering amber ring
 23780 | D:13     | Identified the ring of Viynwat {+Fly rN+ MR+ Str+3} (You found it on level 13 of the Dungeon)
 23893 | D:13     | Found a radiant altar of Vehumet.
 24008 | D:13     | Received a gift from Yredelemnul (a phantasmal warrior)
 24545 | D:13     | Received a gift from Yredelemnul (a vampire knight)
 24605 | D:14     | Found a burning altar of Makhleb.
 24803 | D:14     | Noticed Agnes
 24812 | D:14     | Killed Agnes
 24946 | D:14     | Reached skill level 1 in Staves
 25038 | D:14     | Found a gate to the Vaults.
 25125 | D:14     | Noticed Typerbomb's ghost (journeyman MiBe)
 25136 | D:14     | Killed Typerbomb's ghost
 25136 | D:14     | Reached XP level 16. HP: 126/126 MP: 25/25
 25454 | D:15     | Entered Level 15 of the Dungeon
 25468 | D:15     | Received a gift from Yredelemnul (a vampire knight)
 25475 | D:15     | Found a glowing golden altar of the Shining One.
 25987 | D:15     | Received a gift from Yredelemnul (a bone dragon)
 25996 | D:15     | Found a staircase to the Depths.
 26472 | D:4      | Bought a scroll of enchant weapon for 75 gold pieces
 26472 | D:4      | Bought 2 throwing nets for 60 gold pieces
 26698 | Spider:1 | Entered Level 1 of the Spider Nest
 26711 | Spider:1 | Reached skill level 5 in Staves
 26758 | Spider:1 | Reached skill level 12 in Fighting
 26790 | Spider:1 | Reached skill level 10 in Evocations
 27084 | Spider:1 | Received a gift from Yredelemnul (a flayed ghost)
 27555 | Spider:1 | Received a gift from Yredelemnul (a phantasmal warrior)
 28240 | Spider:2 | Received a gift from Yredelemnul (a vampire knight)
 28267 | Spider:2 | Reached XP level 17. HP: 134/134 MP: 27/27
 28326 | Spider:2 | Received a gift from Yredelemnul (a ghoul)
 28854 | Spider:2 | Received a gift from Yredelemnul (a phantasmal warrior)
 29019 | Spider:3 | Noticed Arachne
 29029 | Spider:3 | Killed Arachne
 29243 | Spider:3 | Received a gift from Yredelemnul (a vampire knight)
 29784 | Spider:4 | Entered Level 4 of the Spider Nest
 29790 | Spider:4 | Received a gift from Yredelemnul (a vampire)
 29816 | Spider:4 | Received a gift from Yredelemnul (a ghoul)
 29884 | Spider:4 | Received a gift from Yredelemnul (a flayed ghost)
 29898 | Spider:4 | Received a gift from Yredelemnul (a flayed ghost)
 29919 | Spider:4 | Received a gift from Yredelemnul (a phantasmal warrior)
 30016 | Spider:4 | Received a gift from Yredelemnul (a ghoul)
 30431 | Spider:4 | Reached skill level 10 in Shields
 30442 | Spider:4 | Reached skill level 13 in Fighting
 30459 | Spider:4 | Got a gossamer rune of Zot
 30881 | Shoals:1 | Received a gift from Yredelemnul (a skeletal warrior)
 30968 | Shoals:1 | Reached XP level 18. HP: 140/143 MP: 28/28
 30994 | Shoals:1 | Received a gift from Yredelemnul (a ghoul)
 30994 | Shoals:1 | Received a gift from Yredelemnul (a profane servitor)
 31706 | Shoals:2 | Reached skill level 10 in Staves
 31765 | Shoals:2 | Received a gift from Yredelemnul (a ghoul)
 32347 | Shoals:3 | Received a gift from Yredelemnul (a vampire knight)
 32394 | Shoals:3 | Received a gift from Yredelemnul (a vampire)
 32399 | Shoals:3 | Killed dragoon's ghost
 32500 | Shoals:3 | Noticed a kraken
 32515 | Shoals:3 | Killed a kraken
 32658 | Shoals:3 | Found Hopuod's Armour Shop.
 32759 | Shoals:3 | Found a bloodstained altar of Trog.
 33032 | Shoals:3 | Found Fisept's Gadget Boutique.
 33041 | Shoals:3 | Bought a box of beasts for 300 gold pieces
 33138 | Shoals:3 | Received a gift from Yredelemnul (a ghoul)
 33215 | Shoals:4 | Entered Level 4 of the Shoals
 33219 | Shoals:4 | Found Zavuigeh's Armour Emporium.
 33229 | Shoals:4 | Found Pygergh's Armour Boutique.
 33233 | Shoals:4 | Got a fine chain mail
 33236 | Shoals:4 | Noticed Ilsuiw
 33247 | Shoals:4 | Killed Ilsuiw
 33255 | Shoals:4 | Received a gift from Yredelemnul (a phantasmal warrior)
 33262 | Shoals:4 | Found Voippol's Assorted Antiques.
 33393 | Shoals:4 | Got a vibrating tin ring
 33519 | Shoals:4 | Found Tiwno's Magic Scroll Boutique.
 33564 | Shoals:4 | Identified Ossuyx's Collected Works on Enchantment and Combat Magic
 33579 | Shoals:4 | Found Hure's Assorted Antiques.
 33710 | Shoals:4 | Identified the amulet "Vigel" {+Rage Dex+5} (You found it on level 4 of the Shoals)
 33760 | Shoals:4 | Reached XP level 19. HP: 102/151 MP: 29/29
 33780 | Shoals:4 | Got a barnacled rune of Zot
 34706 | Vaults:1 | Entered Level 1 of the Vaults
 34715 | Vaults:1 | Received a gift from Yredelemnul (a vampire)
 34860 | Vaults:1 | Found Nudwoomnah's Food Emporium.
 34868 | Vaults:1 | Received a gift from Yredelemnul (a skeletal warrior)
 34871 | Vaults:1 | Reached skill level 14 in Fighting
 34978 | Vaults:1 | Found Ustrez's Magic Scroll Emporium.
 35005 | Vaults:1 | Found Bipet's Book Boutique.
 35210 | D:11     | Bought the Collected Works on Twisted Moulding for 922 gold pieces
 35215 | D:11     | Learned a level 4 spell: Passage of Golubria
 35503 | Elf:1    | Entered Level 1 of the Elven Halls
 35525 | Elf:1    | Identified the cursed +1 chain mail "Limic" {rF+} (You found it on level 4 of the Shoals)
 35526 | Elf:1    | Identified the ring "Jeagod" {*Tele rC- rN+ MR+} (You took it off a merfolk on level 4 of the Shoals)
 35648 | Elf:1    | Received a gift from Yredelemnul (a ghoul)
 35653 | Elf:1    | Reached skill level 1 in Translocations
 35839 | Elf:1    | Identified Mnoleg's Incunabulum of the Entourage
 35844 | Elf:1    | Learned a level 3 spell: Spectral Weapon
 35854 | Elf:1    | Learned a level 1 spell: Summon Butterflies
 36069 | Elf:1    | Reached skill level 15 in Invocations
 36075 | Elf:1    | Received a gift from Yredelemnul (a vampire knight)
 36336 | Elf:2    | Received a gift from Yredelemnul (a skeletal warrior)
 36562 | Elf:2    | Found a huge runed gate.
 36562 | Elf:2    | Found a huge runed gate.
 36562 | Elf:2    | Found a huge runed gate.
 36563 | Elf:2    | Received a gift from Yredelemnul (a flayed ghost)
 36564 | Elf:2    | Found a huge runed gate.
 36564 | Elf:2    | Found a huge runed gate.
 37105 | Elf:2    | Reached XP level 20. HP: 160/160 MP: 31/31
 37282 | Elf:2    | Received a gift from Yredelemnul (a vampire knight)
 37451 | Elf:3    | Entered Level 3 of the Elven Halls
 37457 | Elf:3    | Received a gift from Yredelemnul (a skeletal warrior)
 37922 | Elf:3    | Received a gift from Yredelemnul (a ghoul)
 38041 | Elf:3    | Received a gift from Yredelemnul (a skeletal warrior)
 38044 | Elf:3    | Got a fine turquoise ring
 38214 | Elf:3    | Identified the cursed ring of Zaevvute {rF+ AC-2 Int+2 Stlth-} (You took it off a deep elf annihilator on level 3 of the Elven Halls)
 38225 | Elf:3    | Learned a level 2 spell: Swiftness
 38230 | Elf:3    | Learned a level 4 spell: Airstrike
 38757 | Vaults:1 | Noticed Jorgrun
 38765 | Vaults:1 | Reached skill level 15 in Fighting
 38790 | Vaults:1 | Killed Jorgrun
 38795 | Vaults:1 | Reached skill level 15 in Shields
 38955 | Vaults:1 | Found Rigag's General Store.
 39161 | Vaults:1 | Found Addaoleune's Gadget Boutique.
 39513 | Vaults:2 | Reached XP level 21. HP: 168/168 MP: 32/32
 39514 | Vaults:2 | Received a gift from Yredelemnul (a phantasmal warrior)
 39674 | Vaults:2 | Reached skill level 5 in Translocations
 39838 | Vaults:2 | Received a gift from Yredelemnul (a phantasmal warrior)
 39897 | Vaults:2 | Received a gift from Yredelemnul (a phantasmal warrior)
 40291 | Vaults:2 | Found a staircase to the Crypt.
 40467 | Vaults:2 | Received a gift from Yredelemnul (a flayed ghost)
 40921 | Vaults:3 | Reached skill level 1 in Dodging
 40938 | Vaults:3 | Reached skill level 10 in Crossbows
 41046 | Vaults:3 | Received a gift from Yredelemnul (a ghoul)
 41529 | Vaults:3 | Reached XP level 22. HP: 119/177 MP: 34/34
 41794 | Vaults:3 | Received a gift from Yredelemnul (a vampire knight)
 42044 | Vaults:3 | Reached skill level 15 in Armour
 42733 | Vaults:4 | Noticed Aizul
 42743 | Vaults:4 | Killed Aizul
 43020 | Vaults:4 | Reached skill level 16 in Fighting
 43120 | Vaults:4 | Received a gift from Yredelemnul (a ghoul)
 43122 | Vaults:4 | Noticed Frederick
 43129 | Vaults:4 | Killed Frederick
 43542 | Vaults:4 | Noticed Sojobo
 43549 | Vaults:4 | Killed Sojobo
 43866 | Vaults:5 | Entered Level 5 of the Vaults
 43874 | Vaults:5 | Received a gift from Yredelemnul (a phantasmal warrior)
 43888 | Vaults:5 | Received a gift from Yredelemnul (a vampire)
 43894 | Vaults:5 | Noticed an ancient lich
 43903 | Vaults:5 | Killed an ancient lich
 43903 | Vaults:5 | Reached skill level 5 in Dodging
 44003 | Vaults:5 | Reached XP level 23. HP: 145/185 MP: 35/35
 44086 | Vaults:5 | Received a gift from Yredelemnul (a flayed ghost)
 44260 | Vaults:5 | Received a gift from Yredelemnul (a phantasmal warrior)
 45240 | Vaults:5 | Noticed a golden dragon
 45246 | Vaults:5 | Killed a golden dragon
 45247 | Vaults:5 | Received a gift from Yredelemnul (a skeletal warrior)
 45324 | Vaults:5 | Noticed a golden dragon
 45325 | Vaults:5 | Noticed a golden dragon
 45333 | Vaults:5 | Killed a golden dragon
 45339 | Vaults:5 | Killed a golden dragon
 45359 | Vaults:5 | Received a gift from Yredelemnul (a skeletal warrior)
 45762 | Vaults:5 | Identified the Handbook of Lucky Moulding
 45769 | Vaults:5 | Got a silver rune of Zot
 46322 | Depths:1 | Entered Level 1 of the Depths
 46367 | Depths:1 | Reached skill level 17 in Fighting
 46383 | Depths:1 | Received a gift from Yredelemnul (a ghoul)
 46390 | Depths:1 | Reached XP level 24. HP: 174/195 MP: 36/36
 46441 | Depths:1 | Received a gift from Yredelemnul (a phantasmal warrior)
 46597 | Depths:1 | Found a gateway to a ziggurat.
 46619 | Depths:1 | Found a gateway to Hell.
 46804 | Depths:1 | Found a shattered altar of Ashenzari.
 47060 | Depths:2 | Noticed Saint Roka
 47082 | Depths:2 | Killed Saint Roka
 47311 | Depths:2 | Noticed Nikola
 47322 | Depths:2 | Killed Nikola
 47419 | Depths:2 | Received a gift from Yredelemnul (a ghoul)
 47775 | Hell     | Entered the Vestibule of Hell
 47775 | Hell     | Noticed Geryon
 47794 | Hell     | Killed Geryon
 47799 | Hell     | Received a gift from Yredelemnul (a profane servitor)
 48108 | Depths:3 | Identified the +9 lajatang "Gatran" {protect, +Rage rC+ Int+2} (You found it on level 3 of the Depths)
 48278 | Depths:3 | Received a gift from Yredelemnul (a skeletal warrior)
 48430 | Depths:3 | Noticed kmckee24's ghost (veteran MiMo)
 48442 | Depths:3 | Killed kmckee24's ghost
 48759 | Depths:3 | Found a one-way gate leading to the halls of Pandemonium.
 49112 | Depths:3 | Received a gift from Yredelemnul (a phantasmal warrior)
 49160 | Depths:3 | Reached skill level 10 in Translocations
 49381 | Depths:3 | Found a glowing silver altar of Zin.
 49381 | Depths:3 | Noticed Mennas
 49392 | Depths:3 | Killed Mennas
 49735 | Depths:4 | Found a portal to a secret trove of treasure.
 49946 | D:11     | Bought a book of the Dragon for 1260 gold pieces
 50123 | Depths:4 | You paid a toll of a book of the Dragon to enter a treasure trove
 50124 | Trove    | Entered a treasure trove
 50142 | Trove    | Got a glittering zirconium amulet
 50145 | Trove    | Got a wavering jade ring
 50151 | Trove    | Identified the amulet of Onicogon {RegenMP rElec rF++ Dex-3} (You found it in a treasure trove)
 50152 | Trove    | Identified the ring "Beni" {rElec rF+ Dex+5 Slay+2} (You found it in a treasure trove)
 50156 | Trove    | Got a faintly glowing marble ring
 50160 | Trove    | Got a serpentine bone amulet
 50163 | Trove    | Identified the ring "Fovae" {rN+ Int+4} (You found it in a treasure trove)
 50164 | Trove    | Identified the amulet "Jiopp" {RegenMP Dex+4} (You found it in a treasure trove)
 50167 | Trove    | Got a steaming amber ring
 50179 | Trove    | Identified the ring "Leamu" {Fire Slay+2 SInv} (You found it in a treasure trove)
 50182 | Trove    | Got a translucent crystal amulet
 50192 | Depths:4 | Identified the amulet "Zauqoec" {RegenMP MR+} (You found it in a treasure trove)
 50357 | Depths:4 | Noticed a golden dragon
 50364 | Depths:4 | Killed a golden dragon
 50364 | Depths:4 | Reached XP level 25. HP: 191/202 MP: 36/36
 50439 | Depths:4 | Got a translucent brass ring
 50673 | Depths:4 | Found a one-way gate to the infinite horrors of the Abyss.
 50699 | Depths:4 | Noticed a caustic shrike
 50705 | Depths:4 | Killed a caustic shrike
 50721 | Depths:4 | Identified the Collected Works on Dislocation and Transformation
 51222 | Depths:5 | Entered Level 5 of the Depths
 51358 | Depths:5 | Found an ornate altar of the Wu Jian Council.
 51358 | Depths:5 | Found an ancient bone altar of Kikubaaqudgha.
 51359 | Depths:5 | Found a burning altar of Makhleb.
 51477 | Depths:5 | Received a gift from Yredelemnul (a phantasmal warrior)
 52004 | Depths:5 | Reached skill level 18 in Fighting
 52050 | Depths:5 | Noticed a juggernaut
 52059 | Depths:5 | Killed a juggernaut
 52116 | Depths:5 | Received a gift from Yredelemnul (a skeletal warrior)
 52234 | Depths:5 | Received a gift from Yredelemnul (a ghoul)
 52255 | Depths:5 | Reached XP level 26. HP: 90/211 MP: 29/36
 52558 | Depths:5 | Learned a level 1 spell: Apportation
 52560 | Depths:5 | Identified the ring of Dazasaal {rCorr MR+ Int+2} (You found it on level 4 of the Depths)
 52812 | Depths:5 | Reached skill level 10 in Dodging
 52899 | Depths:5 | Found a gate to the Realm of Zot.
 53180 | Zot:1    | Entered Level 1 of the Realm of Zot
 53807 | Zot:1    | Received a gift from Yredelemnul (a phantasmal warrior)
 54180 | Zot:1    | Received a gift from Yredelemnul (a ghoul)
 54701 | Zot:1    | Noticed a curse toe
 54714 | Zot:1    | Killed a curse toe
 55010 | Zot:1    | Received a gift from Yredelemnul (a vampire knight)
 55410 | Zot:2    | Received a gift from Yredelemnul (a phantasmal warrior)
 55443 | Zot:2    | Noticed an ancient lich
 55481 | Zot:2    | Killed an ancient lich
 55481 | Zot:2    | Received a gift from Yredelemnul (a phantasmal warrior)
 55562 | Zot:2    | Reached XP level 27. HP: 189/220 MP: 36/37
 56124 | Vaults:1 | Bought a scroll of enchant armour for 112 gold pieces
 56124 | Vaults:1 | Bought a scroll of enchant armour for 112 gold pieces
 56124 | Vaults:1 | Bought a scroll of enchant armour for 112 gold pieces
 56778 | Shoals:4 | Bought a scroll of enchant armour for 277 gold pieces
 57176 | Vaults:1 | Bought a scroll of enchant weapon for 112 gold pieces
 57599 | Depths:1 | Received a gift from Yredelemnul (a ghoul)
 58110 | Zot:2    | Reached skill level 19 in Fighting
 58140 | Zot:2    | Received a gift from Yredelemnul (a profane servitor)
 58327 | Zot:2    | Noticed an ancient lich
 58333 | Zot:2    | Killed an ancient lich
 58333 | Zot:2    | Reached skill level 15 in Crossbows
 60467 | Zot:4    | Noticed a shard shrike
 60467 | Zot:4    | Noticed an orb of fire
 60491 | Zot:4    | Killed an orb of fire
 60525 | Zot:4    | Killed a shard shrike
 61085 | Zot:5    | Entered Level 5 of the Realm of Zot
 61368 | Zot:5    | Received a gift from Yredelemnul (a ghoul)
 61484 | Zot:5    | Got a warped plate armour
 61485 | Zot:5    | Identified the +0 plate armour of Negation {+Blink} (You found it on level 5 of the Realm of Zot)
 61904 | Depths:3 | Fell from the grace of Yredelemnul
 61904 | Depths:3 | Became a worshipper of Zin the Law-Giver
 61904 | Depths:3 | Reached * piety under Zin
 61904 | Depths:3 | Reached ** piety under Zin
 62135 | Crypt:1  | Entered Level 1 of the Crypt
 62136 | Crypt:1  | Donated 2026 gold pieces to Zin
 62151 | Crypt:1  | Reached *** piety under Zin
 62173 | Crypt:1  | Learned a level 3 spell: Portal Projectile
 62292 | Vaults:1 | Reached **** piety under Zin
 62418 | D:12     | Reached ***** piety under Zin
 62525 | D:8      | Bought the amulet of the Four Winds {rN+ MR+++ Clar} for 658 gold pieces
 63291 | Crypt:1  | Noticed Donald
 63297 | Crypt:1  | Noticed a greater mummy
 63302 | Crypt:1  | Noticed Khufu
 63317 | Crypt:1  | Killed Khufu
 63323 | Crypt:1  | Killed Donald
 63337 | Crypt:1  | Killed a greater mummy
 64311 | Slime:1  | Entered Level 1 of the Pits of Slime
 64775 | Slime:2  | Noticed Nausicaa's ghost (adept VSMo)
 64811 | Slime:1  | Reached skill level 20 in Fighting
 64834 | Slime:2  | Killed Nausicaa's ghost
 66446 | Slime:5  | Entered Level 5 of the Pits of Slime
 66499 | Slime:5  | Noticed the Royal Jelly
 66499 | Slime:5  | Found a viscous altar of Jiyva.
 68189 | Slime:5  | Killed the Royal Jelly
 69101 | Slime:5  | Got a slimy rune of Zot
 69103 | Slime:5  | Got a bound garnet amulet
 69125 | Slime:5  | Identified the amulet of Xom's Wantonness {Gourm Str+4 Dex+2} (You found it on level 5 of the Pits of Slime)
 69188 | Slime:5  | Reached ****** piety under Zin
 71104 | Crypt:2  | Noticed Margery
 71112 | Crypt:2  | Killed Margery
 71668 | Crypt:2  | Was forgiven by Yredelemnul
 71844 | Crypt:2  | Found an ancient bone altar of Kikubaaqudgha.
 71857 | Crypt:2  | Identified the Papyrus of the Disturbing Realms
 72096 | Crypt:2  | Found a basalt altar of Yredelemnul.
 72173 | Crypt:3  | Entered Level 3 of the Crypt
 73279 | Crypt:3  | Found a basalt altar of Yredelemnul.
 73287 | Crypt:3  | Found an ancient bone altar of Kikubaaqudgha.
 73358 | Crypt:3  | Got a glittering platinum ring
 73358 | Crypt:3  | Got a brightly glowing emerald amulet
 73358 | Crypt:3  | Got a faintly glowing jade ring
 73363 | Crypt:3  | Identified the ring "Sewuot" {rElec rN+ MP+9 Str-4 SInv} (You found it on level 3 of the Crypt)
 73364 | Crypt:3  | Identified the amulet of Yreh {+Inv Regen+} (You found it on level 3 of the Crypt)
 73365 | Crypt:3  | Identified the ring of the Ban {rC+ rN+} (You found it on level 3 of the Crypt)
 73491 | Crypt:3  | Reached skill level 21 in Fighting
 73769 | Crypt:3  | Found an ancient bone altar of Kikubaaqudgha.
 74131 | Crypt:3  | Found a staircase to the Tomb.
 74279 | Tomb:1   | Entered Level 1 of the Tomb of the Ancients
 74472 | Tomb:1   | Reached skill level 1 in Charms
 74531 | Tomb:1   | Reached skill level 1 in Hexes
 74602 | Tomb:1   | Noticed a greater mummy
 75256 | Tomb:1   | Killed a greater mummy
 75829 | Tomb:1   | Noticed a greater mummy
 75839 | Tomb:1   | Killed a greater mummy
 76236 | Tomb:1   | Identified Zooron's Incunabulum of Shifting Companions
 76244 | Tomb:1   | Learned a level 5 spell: Aura of Abjuration
 76714 | Tomb:2   | Noticed a greater mummy
 76714 | Tomb:2   | Noticed a greater mummy
 76716 | Tomb:2   | Noticed a greater mummy
 76717 | Tomb:2   | Noticed a greater mummy
 76737 | Tomb:2   | Killed a greater mummy
 76742 | Tomb:2   | Killed a greater mummy
 76752 | Tomb:2   | Killed a greater mummy
 76752 | Tomb:2   | Reached skill level 5 in Hexes
 76755 | Tomb:2   | Killed a greater mummy
 77530 | Tomb:1   | Noticed a greater mummy
 77532 | Tomb:1   | Noticed a greater mummy
 77540 | Tomb:1   | Noticed a greater mummy
 77544 | Tomb:1   | Noticed a greater mummy
 77548 | Tomb:1   | Killed a greater mummy
 77548 | Tomb:1   | Reached skill level 5 in Charms
 77554 | Tomb:1   | Killed a greater mummy
 77569 | Tomb:1   | Killed a greater mummy
 77578 | Tomb:1   | Killed a greater mummy
 77586 | Tomb:1   | Noticed a greater mummy
 77600 | Tomb:1   | Killed a greater mummy
 78072 | Tomb:1   | Noticed a greater mummy
 78089 | Tomb:1   | Killed a greater mummy
 78297 | Tomb:1   | Noticed a greater mummy
 78299 | Tomb:1   | Noticed a greater mummy
 78309 | Tomb:1   | Killed a greater mummy
 78309 | Tomb:1   | Reached skill level 15 in Dodging
 78321 | Tomb:1   | Killed a greater mummy
 78322 | Tomb:1   | Noticed a greater mummy
 78323 | Tomb:1   | Noticed a greater mummy
 78397 | Tomb:1   | Killed a greater mummy
 78428 | Tomb:1   | Killed a greater mummy
 78589 | Tomb:1   | Noticed a greater mummy
 78594 | Tomb:1   | Killed a greater mummy
 78821 | Tomb:1   | Noticed a greater mummy
 78828 | Tomb:1   | Noticed a greater mummy
 78837 | Tomb:1   | Killed a greater mummy
 78839 | Tomb:1   | Noticed a greater mummy
 78854 | Tomb:1   | Killed a greater mummy
 78866 | Tomb:1   | Killed a greater mummy
 79045 | Tomb:1   | Noticed a greater mummy
 79048 | Tomb:1   | Killed a greater mummy
 79324 | Tomb:2   | Reached skill level 22 in Fighting
 79724 | Tomb:3   | Entered Level 3 of the Tomb of the Ancients
 79750 | Tomb:3   | Noticed a greater mummy
 79753 | Tomb:3   | Noticed a greater mummy
 79762 | Tomb:3   | Was placed under penance by Zin
 79766 | Tomb:3   | Noticed a greater mummy
 79769 | Tomb:3   | Noticed a greater mummy
 79773 | Tomb:3   | Was forgiven by Zin
 79776 | Tomb:3   | Killed a greater mummy
 79776 | Tomb:3   | Killed a greater mummy
 79776 | Tomb:3   | Killed a greater mummy
 79814 | Tomb:3   | Noticed a greater mummy
 79823 | Tomb:3   | Killed a greater mummy
 79824 | Tomb:3   | Killed a greater mummy
 79824 | Tomb:3   | Reached skill level 10 in Hexes
 80116 | Tomb:3   | Noticed a greater mummy
 80126 | Tomb:3   | Killed a greater mummy
 80323 | Tomb:3   | Noticed a greater mummy
 80335 | Tomb:3   | Killed a greater mummy
 80725 | Tomb:3   | Identified the Tome of the Arsonist and the Voyage
 80805 | Tomb:3   | Noticed a greater mummy
 80826 | Tomb:3   | Killed a greater mummy
 81092 | Tomb:3   | Got a golden rune of Zot
 81708 | Depths:3 | Upgraded the game from 0.21-a0-84-g85d6d27 to 0.21-a0-110-g8e1637b
 81710 | Pan      | Entered Pandemonium
 82119 | Pan      | Found an exit through the horrors of the Abyss.
 82235 | Pan      | Noticed Yjotaj the pandemonium lord
 82879 | Pan      | Killed Yjotaj the pandemonium lord
 83101 | Pan      | Got a demonic rune of Zot
 83256 | Pan      | Identified Yfalei's Handbook of Lightness and Stolen Souls
 83988 | Pan      | Found an exit through the horrors of the Abyss.
 84108 | Pan      | Noticed Woadem the pandemonium lord
 84123 | Pan      | Killed Woadem the pandemonium lord
 84267 | Pan      | Reached skill level 10 in Charms
 84375 | Pan      | Found an exit through the horrors of the Abyss.
 84615 | Pan      | Reached skill level 1 in Summonings
 85611 | Pan      | Found an exit through the horrors of the Abyss.
 85616 | Pan      | Reached skill level 23 in Fighting
 85759 | Pan      | Noticed Ecailoeng the pandemonium lord
 85778 | Pan      | Killed Ecailoeng the pandemonium lord
 86998 | Pan      | Reached skill level 5 in Summonings
 87268 | Pan      | Found an exit through the horrors of the Abyss.
 87474 | Pan      | Noticed Lusukuh the pandemonium lord
 87903 | Pan      | Found an exit through the horrors of the Abyss.
 88007 | Pan      | Found a runed door.
 88133 | Pan      | Found a runed door.
 88134 | Pan      | Found a runed door.
 88136 | Pan      | Noticed Xaleg the pandemonium lord
 88205 | Depths:3 | Escaped Pandemonium
 88653 | Pan      | Entered Pandemonium
 88838 | Pan      | Noticed Kefireff the pandemonium lord
 88854 | Pan      | Killed Kefireff the pandemonium lord
 89160 | Pan      | Entered the realm of Gloorx Vloq.
 89697 | Pan      | Noticed Gloorx Vloq
 89731 | Pan      | Was placed under penance by Zin
 90060 | Pan      | HP: 10/235 [Gloorx Vloq/poison arrow (28)]
 90064 | Pan      | HP: 2/234 [Gloorx Vloq] (3)]
 90064 | Pan      | Zin protects you from harm!
 90064 | Pan      | Slain by an Executioner

Vault maps used:
D:1:      minmay_arrival_widening_spiral_wide, minivault_24,
          minmay_misc_feat_pillars, fountainhead, minmay_distorted
D:2:      roderic_lattice_a, minmay_heptomino_h4
D:3:      lemuel_coloured_pillars_altar, yredelemnul_altar_generic,
          serial_bayou, serial_bayou_crossing, serial_bayou_ford_a,
          serial_bayou_shore_b, serial_bayou_lake_a, serial_bayou_pond_a,
          serial_bayou_shore_b, kennysheep_donut, uniq_ijyb
D:4:      lemuel_blue_sif_altar, nicolae_overflow_hidden_temple, serial_shops,
          shop, first_bread
D:5:      tso_metal_star
D:6:      nicolae_overflow_crystal_walls, marbit_many_paths
D:7:      kennysheep_mini, minmay_temple_entry_hall
D:8:      serial_shops, nicolae_shop_crystal, shop, shop, shop, shop,
          special_room
D:9:      minmay_orc_entry_temple_small, uniq_erolcha
D:10:     basic_altar
D:11:     erik_lair_island, serial_shops, nicolae_shop_statue_plus, basic_altar,
          portal_ice_cave_demonic_guard
D:12:     serial_shops, nicolae_shop_stone, hangedman_pestilent_swarm,
          grunt_qazlal_sundering
D:13:     minmay_blocky_corners, basic_altar
D:14:     grunt_vaults_entry_fortified, minmay_staircase_windowed_small,
          basic_altar, uniq_agnes
D:15:     hangedman_depths_entry_try_elsewhere_first, basic_altar, minivault_11
Temple:   eino_temple_lava
Lair:1:   serial_bayou_pond_b, hibernation_bobbens, lemuel_fruit_fields,
          grunt_megastairs_4, uniq_nergalle
Lair:2:   special_room, worms_lemuel, serial_bayou_shore_a,
          infiniplex_staircase_pool_2
Lair:3:   pf_torpor_hydra
Lair:4:   minmay_shoals_entry_lonely_mermaid, nicolae_spider_entry_orb_guardian,
          grunt_forest_large_clearings
Lair:5:   slime_altar_2
Lair:6:   guppyfry_lair_end_dragon, wormcave, uniq_kirke
Shoals:1: st_cyclops
Shoals:3: serial_shops, nicolae_shop_trees, shop,
          nicolae_shoals_circle_sea_wall, lemuel_oklob_altar
Shoals:4: shoals_end_grunt_ice, shoal_ilsuiw, serial_shops, shop,
          nicolae_shop_overgrown_old_shop, shop_coins, shop,
          nicolae_shop_waterfront
Spider:1: nicolae_spider_hall_of_the_moth_king
Spider:2: cheibrodos_forgotten_conduit
Spider:3: uniq_arachne
Spider:4: grunt_spider_rune_island
Slime:1:  cheibrodos_slime_lost_civilization_6
Orc:1:    serial_shops, shop_fountains, basic_altar, uniq_urug, uniq_snorg
Orc:2:    grunt_orc_gardens, grunt_orc_garden, grunt_orc_garden,
          grunt_orc_garden, grunt_orc_garden, serial_shops, shop,
          minmay_orc_treasury
Elf:1:    minmay_elf_arrival_summoners, minmay_elf_demonology,
          hangedman_glass_teeth, st_stairs_4, einodemon_crawler_minivault
Elf:3:    minmay_elf_hall_dome
Vaults:1: vaults_room_door_hall, vaults_mumra_chevron, hangedman_vaults_corner,
          nicolae_vaults_circle_grid_a, grunt_vaults_funnel, v_pattern_3,
          ontoclasm_vaults_bender, grunt_vaults_hallway_short,
          nicolae_vaults_specimen_jars, vaults_room_grid,
          hangedman_vaults_stretched_pinwheel, serial_shops, shop,
          nicolae_shop_crystal, nicolae_shop_stone, nicolae_shop_trees, shop,
          uniq_jorgrun
Vaults:2: minmay_crypt_entry_simple_plaza, nicolae_vaults_alarming,
          nicolae_vaults_rhombus_6, ontoclasm_vaults_idyll,
          nicolae_vaults_murderbox, v_rooms_3, v_misc_17, vaults_room_pools,
          vaults_room_fancy_cross, v_misc_2, nicolae_vaults_little_squares_6,
          grunt_vaults_hallway_short, ontoclasm_vaults_shuriken, v_misc_1
Vaults:3: v_misc_9, v_misc_3, ontoclasm_vaults_fault,
          nicolae_vaults_three_branches, v_misc_11, vaults_room_large_hall,
          ontoclasm_vaults_tryst, ontoclasm_vaults_chip,
          nicolae_vaults_little_squares_5, vaults_room_semicircle,
          nicolae_vaults_ring_of_whatevers, nicolae_vaults_c_with_doors
Vaults:4: v_rooms_4, v_misc_30, vaults_standard_mumra_enter_the_diamond,
          vaults_room_pools, nicolae_vaults_little_ls, ontoclasm_vaults_eye,
          vaults_mumra_hexcomb, dpeg_vaults_monster_box, uniq_sojobo,
          uniq_frederick, uniq_aizul
Vaults:5: serial_shops
Crypt:1:  st_stairs_4, nicolae_crypt_soggy_tomb, grunt_ministairs_6, uniq_khufu,
          uniq_donald, uniq_mennas
Crypt:2:  cheibrodos_crypt_down_in_the_bonehoard, st_stairs_4,
          wad_floor_pattern_1, nicolae_crypt_little_mausoleum, uniq_margery
Crypt:3:  lightli_unholy_cathedral, nicolae_tomb_entry_rubble_hallway,
          basic_altar
Depths:1: enter_ziggurat_a, evilmike_ruin_ashenzari, grunt_mini_vestibule,
          kennysheep_opposing_triangles
Depths:2: cheibrodos_birdhouse, glass_columns_a, hangedman_coc_ice_floe,
          uniq_saint_roka, uniq_nikola
Depths:3: evilmike_silver_temple, hangedman_decor_peaks_small,
          grunt_hell_entry_dis_mu, pan_entry, infiniplex_staircase_diamond
Depths:4: minmay_tri_box, pf_hell_entry_tar_river, abyss_entry, enter_trove_0
Depths:5: hangedman_slaughterboxes, hell_entry, serial_shops
Zot:2:    hangedman_zot_vaults_quadrants
Zot:4:    hangedman_elemental_grid_stream
Pan:      grunt_pan_frozen_over, rand_demon_7, pan_blood_fountain_small,
          nicolae_pan_sigil_uleosi, nicolae_pan_hourglass, pan_captured_pigsty,
          grunt_pan_pentagram, lemuel_hellion_island, pan_blood_fountain_2,
          grunt_pan_zigzag, evilmike_mini_pan_pillars, grunt_pan_in_and_out,
          evilmike_mini_pan_3x3, nicolae_pan_mnolegish_5,
          evilmike_mini_pan_possible_glass, grunt_pan_in_and_out,
          nicolae_pan_hourglass, pan_blood_fountain_2,
          evilmike_mini_pan_pillars, nicolae_pan_double_arrow,
          pan_blood_fountain_2, nicolae_pan_hourglass,
          evilmike_mini_pan_pillars, rand_demon_7, pan_blood_fountain_small,
          evilmike_mini_pan_diamond, nicolae_pan_strange_glyphs,
          regret_index_pan_draining_boxed, pan_blood_fountain,
          evilmike_mini_pan_other_thingy, rand_demon_8,
          pan_blood_fountain_small, gloorx_vloq, nicolae_pan_mnolegish_4
Trove:    trove_jewel_1

Skill      XL: |  1  2  3  4  5  6  7  8  9 10 11 12 13 14 15 16 17 18 19 20 21 22 23 24 25 26 27 |
---------------+----------------------------------------------------------------------------------+-----
Shields        | 4 5 6 7 8 9 10 12 13 15 16 | 16.0
Polearms       | 3 4 5 13 14 15 | 15.6
Invocations    | 1 2 4 5 7 8 10 11 12 13 14 15 16 17 18 19 20 22 | 22.5
Fighting       | 4 5 6 7 8 9 10 11 12 13 14 15 16 17 18 23 | 23.5
Slings         | 1 4 |  4.3
Armour         | 4 5 7 9 10 11 12 13 14 15 16 17 18 20 | 20.5
Crossbows      | 4 6 7 8 9 10 11 12 13 14 20 | 20.0
Evocations     | 4 6 7 9 10 11 | 11.5
Staves         | 2 7 9 11 | 11.9
Translocations | 2 4 6 7 9 10 11 12 14 | 14.7
Dodging        | 2 5 7 8 9 11 17 | 17.1
Charms         | 11 | 11.7
Hexes          | 13 | 13.8
Summonings     | 7 |  7.1

Action                   |  1- 3 |  4- 6 |  7- 9 | 10-12 | 13-15 | 16-18 | 19-21 | 22-24 | 25-27 || total
-------------------------+-------+-------+-------+-------+-------+-------+-------+-------+-------++-------
Melee: Trident           |   119 |   131 |   320 |   159 |       |       |       |       |       ||   729
       Spear             |       |       |   109 |   693 |   434 |       |       |       |       ||  1236
       Unarmed           |       |       |    16 |     2 |       |       |       |       |       ||    18
       Glaive            |       |       |       |       |   536 |    60 |       |       |       ||   596
       Lajatang          |       |       |       |       |       |   761 |   973 |  1038 |  4479 ||  7251
 Fire: Hunting sling     |       |       |     8 |    24 |     5 |       |       |       |       ||    37
       Arbalest          |       |       |       |       |    45 |     8 |       |       |   813 ||   866
Throw: Stone             |       |       |       |     1 |       |       |       |       |       ||     1
       Throwing net      |       |       |       |       |       |       |       |       |     3 ||     3
 Cast: Passage of Golubr |       |       |       |       |       |       |       |       |    29 ||    29
       Portal Projectile |       |       |       |       |       |       |       |       |    13 ||    13
       Spectral Weapon   |       |       |       |       |       |       |       |       |     9 ||     9
Invok: Animate Remains   |       |       |     1 |     2 |       |       |       |       |       ||     3
       Animate Dead      |       |       |       |    17 |    43 |     7 |     1 |     1 |     2 ||    71
       Recall Undead Sla |       |       |       |     6 |     2 |    11 |     7 |    13 |    10 ||    49
       Drain Life        |       |       |       |     1 |     6 |     3 |     3 |     1 |     5 ||    19
       Enslave Soul      |       |       |       |       |     1 |       |     1 |     1 |       ||     3
       Recite            |       |       |       |       |       |       |       |       |    36 ||    36
       Vitalisation      |       |       |       |       |       |       |       |       |    27 ||    27
       Sanctuary         |       |       |       |       |       |       |       |       |     9 ||     9
       Donate Gold       |       |       |       |       |       |       |       |       |     1 ||     1
 Abil: Dig               |       |       |     5 |     3 |     2 |     1 |       |       |     6 ||    17
       Evoke Flight      |       |       |       |       |       |       |       |       |     1 ||     1
Evoke: Wand              |       |       |       |    16 |    10 |       |     1 |       |       ||    27
       Lightning rod     |       |       |       |       |     1 |       |       |       |    11 ||    12
       Box of beasts     |       |       |       |       |       |       |     1 |       |       ||     1
       Sack of spiders   |       |       |       |       |       |       |       |       |    17 ||    17
       Phial of floods   |       |       |       |       |       |       |       |       |     3 ||     3
       Fan of gales      |       |       |       |       |       |       |       |       |     1 ||     1
       Lamp of fire      |       |       |       |       |       |       |       |       |     1 ||     1
  Use: Scroll            |       |    10 |     2 |    23 |    11 |     9 |     6 |    19 |    40 ||   120
       Potion            |       |     2 |       |     1 |     2 |     1 |       |       |    40 ||    46
 Stab: Distracted        |       |       |       |     3 |     9 |    14 |    16 |    13 |    28 ||    83
       Paralysed         |       |       |       |       |     7 |     5 |     3 |     3 |       ||    18
       Confused          |       |       |       |       |       |       |       |       |     6 ||     6
  Eat: Chunk             |       |     4 |    11 |    30 |    37 |    29 |    22 |    22 |    30 ||   185
       Bread ration      |       |       |     1 |     1 |     2 |       |     1 |     1 |    18 ||    24
       Royal jelly       |       |       |       |       |     4 |     1 |       |     1 |       ||     6
       Meat ration       |       |       |       |       |       |       |       |       |     6 ||     6
Armor: Scale mail        |    44 |    32 |    14 |       |       |       |       |       |       ||    90
       Ring mail         |       |       |    48 |    61 |       |       |       |       |       ||   109
       Skin              |       |       |     4 |       |       |       |       |       |       ||     4
       Plate armour      |       |       |       |    44 |   323 |   248 |   131 |   140 |   115 ||  1001
       Gold dragon scale |       |       |       |       |       |       |       |       |  1590 ||  1590
Dodge: Dodged            |    31 |    25 |    65 |    85 |   144 |   124 |    70 |   104 |  1103 ||  1751
Block: Shield            |    42 |    57 |   134 |   299 |   668 |   298 |       |       |   507 ||  2005
       Reflection        |       |       |       |     1 |    45 |    84 |    57 |    79 |    34 ||   300
       Large shield      |       |       |       |       |       |   383 |   645 |   648 |  3476 ||  5152
